 Dungeon Crawl Stone Soup version 0.31.0-9-g3a7656b989 (webtiles) character file.

Game seed: 4958087254077873174

66 Amplified the Trooper (level 3, 0/29 HPs)
             Began as a Mummy Fighter on Jan 25, 2024.
             Killed from afar by a starcursed mass (5 damage)
             ... with an accursed screaming
             ... on level 2 of the Abyss.
             The game lasted 00:02:07 (1601 turns).

Amplified the Trooper (Mummy Fighter)               Turns: 1601, Time: 00:02:07

Health: 0/29       AC:  7    Str: 21    XL:     3   Next: 96%
Magic:  3/3        EV:  9    Int:  7    God:
Gold:   66         SH:  9    Dex: 11    Spells: 2/2 levels left

rFire   x . .        a - +0 flail
rCold   + . .        c - +0 buckler
rNeg    + + +        b - +0 scale mail
rPois   ∞            (no helmet)
rElec   .            (no cloak)
rCorr   .            (no gloves)
SInv    .            e - +0 pair of boots
Will    +....        d - amulet of reflection Stlth
                     g - ring of willpower
HPRegen 0.24/turn    (no ring)
MPRegen 0.08/turn

%: reflection, faith
@: no status effects
A: cold resistance 1, negative energy resistance 3, torment resistance 2, heat
vulnerability 1, in touch with death 1, no potions, faith
a: no special abilities


You were on level 2 of the Abyss.
You visited 1 branch of the dungeon, and saw 3 of its levels.
You visited the Abyss 1 time.

You collected 66 gold pieces.

Inventory:

Hand Weapons
 a - a +0 flail (weapon)
Armour
 b - a +0 scale mail (worn)
 c - a +0 buckler (worn)
 e - a +0 pair of boots (worn)
Jewellery
 d - an amulet of reflection (around neck)
 g - a ring of willpower (left hand)


   Skills:
 * Level 3.5 Fighting
 * Level 2.2 Maces & Flails
 + Level 2.7 Armour
 * Level 3.0 Shields


You had 2 spell levels left.
You didn't know any spells.
Your spell library contained the following spells:

 Spells                   Type           Power      Damage    Failure   Level
 Sculpt Simulacrum        Ice/Alch       0%         N/A       100%        6
 Haunt                    Necr/Summ      0%         N/A       100%        7
 Ozocubu's Refrigeration  Ice            0%         4d7       100%        7
 Polar Vortex             Ice            0%         N/A       100%        9
 Borgnjor's Revivificati  Necr           Unusable   N/A       N/A         8
 Death's Door             Necr           Unusable   N/A       N/A         9

Dungeon Overview and Level Annotations

Branches:
Dungeon (3/15)

Altars:

Annotations:
D:3 Grinder


Innate Abilities, Weirdness & Mutations

You are immune to poison.
Your flesh is cold resistant. (rC+)
You are immune to negative energy. (rN+++)
You are immune to unholy pain and torment.
You are vulnerable to heat. (rF-)
You are in touch with the powers of death.
You do not drink.
You have a special connection with the divine. (Faith)


Message History

The ufetubus barely misses you.
The ufetubus hits you but does no damage.
You block the ufetubus's attack.
A starcursed mass splits.
There is a gateway leading deeper into the Abyss here.
The ufetubus slips past you! The ufetubus hits you.
You block the ufetubus's attack.
You plunge deeper into the Abyss.
A starcursed mass splits.
The starcursed mass shrieks in your mind.
A starcursed mass splits.
The starcursed mass shrieks in your mind.
The starcursed mass touches you. You block the starcursed mass's attack.
A chorus of shrieks assaults your mind.
The starcursed mass attacks as it pursues you!
The starcursed mass touches you.
A small abomination comes into view.
The starcursed mass shrieks in your mind.
* * * LOW HITPOINT WARNING * * *
You aren't carrying any scrolls.
Unknown command.
You can't drink.
Unknown command.
Sorry, you're not good enough to have a special ability.
Unknown command.
You aren't carrying any scrolls.
Unknown command.
Unknown command.
You enter the shallow water.
Moving in this stuff is going to be slow.
Unknown command.
Unknown command.
You aren't carrying any scrolls.
Unknown command.
You aren't carrying any items that you can evoke.
Unknown command.
Okay, then.
You swing at nothing.
The starcursed mass shrieks in your mind.
You die...

.~.. ♣~..~
....♣♣..~
.....♣....
...~.~....###
........♣♣x.# ###
.........X#.###.#
~~.....♣~.#X#..##
. ♣..x#♣##.X##
.....~♣♣X@###..#
..... ##♣##..##
.... ..#.#..####
#### ..♣ . .
..#........# ♣ ..
....#..... # # #.
....# X. ..#.
###.....X .. ..#
#. .#...##.#.. ##
...... .# ##


You could see a starcursed mass and a small abomination.

Vanquished Creatures
  An adder (D:2)
  4 bats (D:1)
  5 endoplasms
  4 giant cockroaches
  2 goblins (D:2)
  7 hobgoblins
  4 jackals (D:2)
  8 kobolds
  3 quokkas
  5 ball pythons
  2 frilled lizards
  4 rats
49 creatures vanquished.

Notes
Turn   | Place    | Note
-------+----------+-------------------------------------------
     0 | D:1      | Amplified the Mummy Fighter began the quest for the Orb.
     0 | D:1      | Reached XP level 1. HP: 18/18 MP: 1/1
   146 | D:1      | Reached XP level 2. HP: 20/24 MP: 2/2
   755 | D:2      | Reached XP level 3. HP: 29/29 MP: 3/3
   864 | D:2      | Found a faded altar of an unknown god.
   864 | D:2      | Noticed a shining eye
   867 | D:2      | Noticed a shining eye
   874 | D:2      | Noticed a great orb of eyes
   878 | D:2      | Noticed an eye of devastation
  1475 | D:3      | Noticed Grinder
  1477 | D:3      | Paralysed by Grinder for 3 turns
  1505 | Abyss:1  | Cast into level 1 of the Abyss (kobold)
  1539 | Abyss:1  | Noticed a starcursed mass
  1594 | Abyss:2  | Noticed a small abomination
  1601 | Abyss:2  | Killed from afar by a starcursed mass

Illustrated notes

Levels and vault maps discovered:
D:1:      elethiomel_arrival_maze, layout_basic
D:2:      layout_loops_ring, hellmonk_ecumenical_altar_watching_god
D:3:      layout_basic, nicolae_dithmenos_through_a_glass_darkly, uniq_grinder
Abyss:2:  base:
Temple

Skill      XL: |  1  2  3 |
---------------+----------+-----
Maces & Flails | 2 |  2.2
Shields        | 3 |  3.0
Fighting       | |  3.5
Armour         | |  2.7

Action                     || total
---------------------------++-------
  Melee: Flail             ||   156
    Use: Scroll            ||     3
 Armour: Scale mail        ||   125
  Dodge: Dodged            ||    98
  Block: Buckler           ||    46
